 Dungeon Crawl Stone Soup version 0.28-a0-384-g9e0c098162 (webtiles) character file.

Game seed: 10410100133125008534

82 robertstho the Magician (level 4, -3/31 HPs)
             Began as a Djinni Fire Elementalist on Sept 2, 2021.
             Killed from afar by Natasha (8 damage)
             ... with a magic dart
             ... on level 2 of the Dungeon.
             The game lasted 00:02:37 (2413 turns).

robertstho the Magician (Djinni Fire Elementalist)  Turns: 2413, Time: 00:02:38

Health: -3/31      AC:  0    Str:  7    XL:     4   Next: 70%
Gold:   43         EV: 14    Int: 18    God:
                   SH:  0    Dex: 13

rFire   . . .      SeeInvis .   (weapon currently unavailable)
rCold   . . .      Faith    .   (shield currently unavailable)
rNeg    . . .      Spirit   .   (armour currently unavailable)
rPois   ∞          Reflect  .   (helmet currently unavailable)
rElec   .          Harm     .   (cloak currently unavailable)
rCorr   .          Rampage  .   (gloves currently unavailable)
Will    .....                   (boots unavailable)
Stlth   ++........              (no amulet)
HPRegen 0.10/turn               (ring currently unavailable)
MPRegen 0.00/turn               (ring currently unavailable)

@: pig-form (expiring), weak-willed, flying, slowed
A: fast, flying, no casting, sickness immunity, small, (fire resistance 2),
(cold vulnerability 1), float, innate caster, hp casting, extra vitality 1
a: no special abilities


You were on level 2 of the Dungeon.
You were a filthy swine.
You visited 1 branch of the dungeon, and saw 2 of its levels.

You collected 43 gold pieces.

Inventory:

Hand Weapons
 b - a +1 dagger of holy wrath (melded)
Armour
 a - a +0 robe (melded)
 i - a +0 cloak of poison resistance (melded)
Jewellery
 c - a +4 ring of protection (melded)
 e - a ring of positive energy (melded)
Scrolls
 f - a scroll of acquirement
 j - a scroll of identify {unknown}
Potions
 g - a potion of resistance {unknown}
 k - a potion of mutation {unknown}


   Skills:
 + Level 2.3 Dodging
 + Level 1.6 Stealth
 + Level 3.9 Spellcasting


You couldn't memorise any spells.
You knew the following spells:

 Your Spells              Type           Power      Damage    Failure   Level
a - Foxfire               Conj/Fire      68%        2x1d7     3%          1
b - Scorch                Fire           34%        2d6       4%          2
c - Conjure Flame         Conj/Fire      17%        6-21      9%          3
d - Inner Flame           Hex/Fire       17%        N/A       9%          3
e - Sticky Flame          Conj/Fire      17%        2d4       30%         4
f - Fireball              Conj/Fire      8%         3d6       63%         5
g - Sting                 Tmut/Pois      68%        1d6       3%          1
Your spell library was empty.

Dungeon Overview and Level Annotations

Branches:
Dungeon (2/15)

Altars:

Annotations:
D:2 Natasha


Innate Abilities, Weirdness & Mutations

You are a filthy swine.
You move quickly.
You are flying.
Your equipment is almost entirely melded.
You are incapable of wielding weapons or throwing items.
You cannot cast spells.
You are immune to sickness and miasma.
You are immune to poison.
((Your flesh is very heat resistant. (rF++)))
((You are vulnerable to cold. (rC-)))
You float through the air rather than walking.
You learn spells naturally, not from books.
Your magical power is your life essence.
You have superior vitality. (+4 HP)


Message History

The foxfire hits Natasha.
Natasha is heavily wounded.
You closely miss Natasha.
Natasha is heavily wounded.
The foxfire hits Natasha.
Natasha is severely wounded.
You hit Natasha.
Natasha is almost dead.
Natasha howls an incantation.
You feel troubled.
Natasha stares at you and mumbles some strange words.
You feel yourself slow down.
You hit Natasha but do no damage.
Natasha is almost dead.
Natasha zaps a wand.
You closely miss Natasha.
Natasha is almost dead.
Natasha claws you!
Natasha zaps a wand.
You resist with some effort.
You closely miss Natasha.
Natasha is almost dead.
Natasha stares at you and mumbles some strange words.
The magic dart hits you!
* * * LOW HITPOINT WARNING * * *
It was a potion of flight.
You feel more buoyant.
Your transformation is almost over.
Natasha wildly gestures.
Natasha's front paws start to glow.
Natasha barely misses you. Natasha claws you.
* * * LOW HITPOINT WARNING * * *
You aren't carrying any items that you can evoke.
This is a scroll of acquirement!
Something appears before you! Natasha casts a spell at you.
You resist with some effort.
You aren't carrying any items that you can evoke.
As you read the scroll labelled YSOWYMP OTEJUO, it crumbles to dust.
Magic quickly surges around you.
It was a scroll of vulnerability.
Natasha casts a spell at you. The magic dart hits you!
You die...

#............. #.############ #
#.# .. ##'####### #. #........#
#.. #........# #... #........#
#....#####........#
#......hh.........###### ..
......................... ...
######################### #.#
##........... #.# #........###.#
#.# #.....<......# #.#
#........#####
#.#############........##########
.>...............................


You could see Natasha (weak-willed).

Vanquished Creatures
  Natasha (twice) (D:2)
  A worm (D:2)
  A dart slug (D:1)
  4 ball pythons
  2 endoplasms
  4 goblins
  3 hobgoblins (D:1)
  A quokka (D:2)
  5 bats
  3 frilled lizards (D:2)
  2 kobolds (D:1)
  3 rats (D:1)
31 creatures vanquished.

Vanquished Creatures (collateral kills)
  A foxfire (D:2)
1 creature vanquished.

Vanquished Creatures (others)
  138 foxfires
138 creatures vanquished.

Grand Total: 170 creatures vanquished

Notes
Turn   | Place    | Note
-------+----------+-------------------------------------------
     0 | D:1      | robertstho the Djinni Fire Elementalist began the quest for
                  | the Orb.
     0 | D:1      | Reached XP level 1. HP: 15/15 MP: 0/0
   351 | D:1      | Reached XP level 2. HP: 17/21 MP: 0/0
   404 | D:1      | You are sucked into a shaft and drop 1 floor!
   796 | D:2      | Reached skill level 3 in Spellcasting
   916 | D:2      | Noticed Natasha
   925 | D:2      | Killed Natasha
   926 | D:2      | Reached XP level 3. HP: 25/25 MP: 0/0
   926 | D:2      | Learned a level 1 spell: Sting
  1602 | D:1      | Reached XP level 4. HP: 25/31 MP: 0/0
  1700 | D:1      | Noticed a floating eye
  1701 | D:1      | Noticed a shining eye
  1703 | D:1      | Found a faded altar of an unknown god.
  1733 | D:1      | Noticed a floating eye
  1739 | D:1      | Noticed a golden eye
  2382 | D:2      | Noticed Natasha
  2386 | D:2      | Killed Natasha
  2402 | D:2      | Noticed Natasha
  2412 | D:2      | Identified 2 scrolls of acquirement
  2412 | D:2      | Acquired the +9 war axe of the Bouncing Demons {freeze,
                  | rPois}
  2413 | D:2      | Killed from afar by Natasha

Illustrated notes

Levels and vault maps discovered:
D:1:      dpeg_arrival_tiny_i, layout_basic,
          hellmonk_ecumenical_altar_watching_god
D:2:      layout_basic, st_stairs_12, lemuel_old_faithful, uniq_natasha

Skill      XL: |  1  2 |
---------------+-------+-----
Spellcasting   | 3 |  3.9
Dodging        | |  2.3
Stealth        | |  1.6

Action                   |  1- 3 |  4- 6 || total
-------------------------+-------+-------++-------
Melee: Unarmed           |     2 |     5 ||     7
 Cast: Foxfire           |    58 |    30 ||    88
  Use: Potion            |     1 |     1 ||     2
       Scroll            |       |     2 ||     2
Armor: Robe              |     3 |       ||     3
Dodge: Dodged            |     9 |     1 ||    10

Table legend: (Time is in decaauts)
 A = Elapsed time spent in this place.
 B = Non-inter-level travel time spent in this place.
 C = Inter-level travel time spent in this place.
 D = Time resting spent in this place.
 E = Time spent auto-exploring this place.
 F = Levels seen in this place.
 G = Mean time per level.
                   A        B        C        D        E       F      G
               +--------+--------+--------+--------+--------+-----+--------+
         Total |   2414 |   2406 |      8 |    529 |   1639 |   2 | 1207.0 |
       Dungeon |   2414 |   2406 |      8 |    529 |   1639 |   2 | 1207.0 |
               +--------+--------+--------+--------+--------+-----+--------+

Top non-repeatable levels by time:
     D:2: 1402 daAuts
     D:1: 1011 daAuts
